 Dungeon Crawl Stone Soup version 0.30.1-8-g117510f58f (webtiles) character file.

Game seed: 13107886050661697227

79 ChiefBigBeans the Chiller (level 4, -1/33 HPs)
             Began as a Draconian Ice Elementalist on Sept 24, 2023.
             Slain by Grinder (7 damage)
             ... on level 3 of the Dungeon.
             The game lasted 00:05:15 (1664 turns).

ChiefBigBeans the Chiller (DrIE)                    Turns: 1664, Time: 00:05:16

Health: -1/33      AC:  7    Str: 10    XL:     4   Next: 17%
Magic:  8/8        EV: 12    Int: 18    God:
Gold:   116        SH:  0    Dex: 11    Spells: 5/9 levels left

rFire   . . .        m - +4 quarterstaff (chaos)
rCold   . . .        (shield currently unavailable)
rNeg    . . .        (body armour unavailable)
rPois   +            (helmet restricted)
rElec   .            n - +1 cloak {rPois}
rCorr   .            (no gloves)
SInv    .            (no boots)
Will    +....        b - amulet of magic regeneration
Stlth   ++           f - ring of willpower
HPRegen 0.25/turn    (no ring)
MPRegen 0.51/turn

%: no passive effects
@: no status effects
A: AC +5, unfitting armour, cold-blooded
a: no special abilities


You were on level 3 of the Dungeon.
You visited 1 branch of the dungeon, and saw 3 of its levels.

You collected 116 gold pieces.

Inventory:

Hand Weapons
 d - a +0 club
 g - a +0 sling of flaming
 h - a +2 dagger of venom
 m - a +4 quarterstaff of chaos (weapon)
Armour
 n - a +1 cloak of poison resistance (worn)
Jewellery
 b - an amulet of magic regeneration (around neck)
 f - a ring of willpower (left hand)
Scrolls
 e - 2 scrolls of identify {unknown}
 i - a scroll of amnesia {unknown}
 j - a scroll of blinking {unknown}
 l - a scroll of vulnerability {unknown}
Potions
 a - a potion of magic
 c - 2 potions of mutation {unknown}
 k - a potion of cancellation {unknown}
 o - 2 potions of curing {unknown}


   Skills:
 - Level 1.9 Dodging
 - Level 1.9 Stealth
 + Level 3.1 Spellcasting
 + Level 4.8 Ice Magic


You had 5 spell levels left.
You knew the following spells:

 Your Spells              Type           Power      Damage    Failure   Level
a - Freeze                Ice            80%        1d9       2%          1
b - Ozocubu's Armour      Ice            20%        N/A       7%          3

Your spell library contained the following spells:

 Spells                   Type           Power      Damage    Failure   Level
 Frozen Ramparts          Ice            40%        1d7       7%          3
 Sublimation of Blood     Necr           2%         N/A       24%         2
 Wereblood                Tmut           2%         N/A       24%         2
 Vhi's Electric Charge    Tloc/Air       4%         N/A       43%         3
 Summon Ice Beast         Ice/Summ       11%        N/A       52%         4
 Arcjolt                  Conj/Air       1%         1d11      99%         5
 Plasma Beam              Fire/Air       1%         2x1d12    100%        6
 Summon Hydra             Summ           1%         N/A       100%        7


Dungeon Overview and Level Annotations

Branches:
Dungeon (3/15)

Altars:
Dithmenos

Annotations:
D:3 1 transporter, Grinder


Innate Abilities, Weirdness & Mutations

Your plain brown scales are hard. (AC +5)
You cannot fit into any form of body armour.
You are cold-blooded and may be slowed by cold attacks.


Message History

You easily resist.
You freeze Grinder but do no damage.
Grinder completely resists.
Grinder closely misses you.
You freeze Grinder.
Grinder resists.
Grinder is lightly wounded.
Grinder hits you but does no damage.
You freeze Grinder.
Grinder resists.
Grinder is lightly wounded.
Grinder hits you.
You writhe in agony.
You sock Grinder!
Grinder is moderately wounded.
Grinder hits you.
You barely miss Grinder.
You tail-slap Grinder, but do no damage.
Grinder is moderately wounded.
Grinder barely misses you.
You barely miss Grinder.
Grinder is moderately wounded.
Grinder gestures at you.
You easily resist.
You completely miss Grinder.
Your tail-slap misses Grinder.
Grinder is moderately wounded.
Grinder hits you.
You writhe in agony.
Grinder hits you but does no damage.
You hit Grinder.
Grinder suddenly seems more agile.
Grinder is moderately wounded.
Grinder gestures at you.
You easily resist.
You barely miss Grinder.
Grinder is moderately wounded.
Grinder misses you.
You sock Grinder!
Grinder seems to grow stronger.
Grinder is severely wounded.
Grinder barely misses you. Grinder hits you.
* * * LOW HITPOINT WARNING * * *
You writhe in agony.
* * * LOW HITPOINT WARNING * * *
You closely miss Grinder.
Grinder is severely wounded.
Grinder hits you!
You die...

#... #.. . #....
#.#.# #.#.#
##########.#.####.
.!........>.......
#.@......####
#5###....#8P$ #.
#....#P..
#####.###....####
.............#5≈.
.####.##.....#5≈.
#. #.....#.≈P #.
#.....#.≈P
#†....#.≈~~


You could see Grinder (strong, agile).

Vanquished Creatures
  Crazy Yiuf (D:2)
  An adder (D:2)
  2 dart slugs (D:2)
  3 bats
  7 endoplasms
  3 goblins
  2 hobgoblins
  3 kobolds (D:2)
  A quokka (D:1)
  6 ball pythons
  A frilled lizard (D:3)
  2 rats
32 creatures vanquished.

Notes
Turn   | Place    | Note
-------+----------+-------------------------------------------
     0 | D:1      | ChiefBigBeans the Draconian Ice Elementalist began the
                  | quest for the Orb.
     0 | D:1      | Reached XP level 1. HP: 14/14 MP: 3/3
   199 | D:1      | Reached XP level 2. HP: 20/20 MP: 3/5
   819 | D:2      | Found a runed translucent door.
   820 | D:2      | Noticed Crazy Yiuf
   903 | D:2      | Reached XP level 3. HP: 24/26 MP: 4/6
   979 | D:2      | Found a shadowy altar of Dithmenos.
  1434 | D:2      | Killed Crazy Yiuf
  1435 | D:2      | Reached XP level 4. HP: 20/33 MP: 5/8
  1545 | D:3      | Learned a level 3 spell: Ozocubu's Armour
  1619 | D:3      | Found a transporter.
  1651 | D:3      | Noticed Grinder
  1664 | D:3      | Slain by Grinder

Illustrated notes

Levels and vault maps discovered:
D:1:      scummos_arrival_forest, layout_rooms
D:2:      layout_basic, basic_altar, uniq_crazy_yiuf_cottage
D:3:      gammafunk_wand_slinger, layout_basic,
          nicolae_wu_jian_immortal_techniques, zin_angel, uniq_robin,
          uniq_grinder, uniq_ijyb

Skill      XL: |  1  2  3 |
---------------+----------+-----
Spellcasting   | 3 |  3.1
Dodging        | |  1.9
Stealth        | |  1.9
Ice Magic      | |  4.8

Action                     |  1- 3 |  4- 6 || total
---------------------------+-------+-------++-------
  Melee: Unarmed           |     6 |       ||     6
         Tailslap          |     1 |     1 ||     2
         Club              |     4 |       ||     4
         Quarterstaff      |       |     8 ||     8
   Fire: Sling             |    32 |       ||    32
   Cast: Freeze            |    30 |     6 ||    36
   Stab: Sleeping          |     1 |       ||     1
 Armour: Skin              |     7 |     3 ||    10
  Dodge: Dodged            |    13 |     4 ||    17
